 Dungeon Crawl Stone Soup version 0.19.0-19-g8c6edcc (webtiles) character file.

74 Dioneo the Firebug (level 4, -4/33 HPs)
             Began as a Draconian Fire Elementalist on Nov 14, 2016.
             Killed from afar by Jessica (9 damage)
             ... with a wand of flame
             ... on level 2 of the Dungeon.
             The game lasted 00:05:43 (1637 turns).

Dioneo the Firebug (Draconian Fire Elementalist)    Turns: 1637, Time: 00:05:44

Health: -4/33      AC:  5    Str: 10    XL:     4   Next: 10%
Magic:  7/8        EV: 12    Int: 17    God:
Gold:   87         SH:  0    Dex: 11    Spells: 3 memorised, 1 level left

rFire  . . .     SeeInvis .     c - +0 dagger (curse)
rCold  . . .     Gourm    .     (armour unavailable)
rNeg   . . .     Faith    .     (no shield)
rPois  .         Spirit   .     (helmet restricted)
rElec  .         Reflect  .     (no cloak)
rCorr  .         Harm     .     (no gloves)
MR     .....                    (no boots)
Stlth  ++........               e - amulet of regeneration
                                (no ring)
                                (no ring)

@: no status effects
A: unfitting armour, cold-blooded, AC +5
a: no special abilities


You were on level 2 of the Dungeon.
You were not hungry.

You visited 1 branch of the dungeon, and saw 2 of its levels.

You collected 87 gold pieces.

Inventory:

Hand Weapons
 c - a cursed +0 dagger (weapon)
Jewellery
 e - an amulet of regeneration (around neck)
 g - an uncursed ring of protection from magic {unknown}
Scrolls
 f - a scroll of enchant weapon {unknown}
 h - a scroll of recharging {unknown}
 i - 4 scrolls of enchant armour
 l - a scroll of noise {unknown}
 m - a scroll of immolation {unknown}
Potions
 k - a potion of might {unknown}
Books
 a - a book of Flames

   Spells                             Type                      Level
   a - Flame Tongue                   Conjuration/Fire             1
   b - Throw Flame                    Conjuration/Fire             2
   c - Conjure Flame                  Conjuration/Fire             3
   d - Inner Flame                    Hexes/Fire                   3
   e - Sticky Flame                   Conjuration/Fire             4
   f - Fireball                       Conjuration/Fire             5
Comestibles
 b - 3 bread rations
 d - 6 chunks of flesh
 j - 2 meat rations
 n - 2 fruits


   Skills:
 - Level 1.7 Dodging
 - Level 1.7 Stealth
 + Level 3.0 Spellcasting
 + Level 1.9 Conjurations
 + Level 3.8 Fire Magic


You had one spell level left.
You knew the following spells:

 Your Spells              Type           Power        Failure   Level  Hunger
a - Flame Tongue          Conj/Fire      ##...        6%          1    None
b - Conjure Flame         Conj/Fire      ##......     17%         3    ###....
c - Sticky Flame          Conj/Fire      ##......     58%         4    ####...


Dungeon Overview and Level Annotations

Branches:
Dungeon (2/15)

Altars:
Uskayaw

Annotations:
D:2 Jessica, Sigmund


Innate Abilities, Weirdness & Mutations

Your plain brown scales are hard. (AC +5)
You cannot fit into any form of body armour.
You are cold-blooded and may be slowed by cold attacks.


Message History

Aiming: Flame Tongue
Press: ? - help, Shift-Dir - straight line, f/p - hobgoblin
Aim: a hobgoblin, wielding a club (severely wounded)
The flame tongue hits the hobgoblin.
You kill the hobgoblin!
The worm bites you!
* * * LOW HITPOINT WARNING * * *
Items here: $ )) † a club; 10 gold pieces; a club; a hobgoblin corpse Jessica mumbles some strange words.
Jessica seems to speed up.
Jessica zaps a wand.
The puff of flame misses you.
Jessica gestures wildly while chanting.
Jessica blinks!
Jessica gestures at you while chanting. Pain shoots through your body!
* * * LOW HITPOINT WARNING * * *
There is a stone staircase leading down here.
Jessica zaps a wand.
The puff of flame hits you!
You die...

##############..# #### ###
..# ###### ..## ##....#
...##### ##...### ##.....###
##....#
.(...#...#############....##
.....###.......÷@.......#####
.....#
##########>..........##
##...# ##..)..)......##
####.# .### #.......>......#
# #.# .....###..@...........#
# #.. .###..................#
. ......................# #
............w.........# .
.....................##


You could see a worm and Jessica.

Vanquished Creatures
  3 adders
  4 leopard geckos
  3 giant cockroaches
  5 goblins (D:1)
  10 hobgoblins
  2 jackals (D:1)
  A ball python (D:2)
  5 bats
  3 kobolds
  4 rats
40 creatures vanquished.

Notes
Turn   | Place    | Note
-------+----------+-------------------------------------------
     0 | D:1      | Dioneo the Draconian Fire Elementalist began the quest for the Orb.
     0 | D:1      | Reached XP level 1. HP: 14/14 MP: 3/3
   111 | D:1      | Reached XP level 2. HP: 17/20 MP: 1/5
   447 | D:1      | Reached XP level 3. HP: 21/26 MP: 4/6
   749 | D:1      | Learned a level 3 spell: Conjure Flame
   872 | D:2      | Found a hide-covered altar of Uskayaw.
   872 | D:2      | Noticed a hand axe
   872 | D:2      | Noticed a hand axe
   950 | D:2      | Noticed Sigmund
  1486 | D:2      | Reached XP level 4. HP: 13/33 MP: 0/8
  1568 | D:2      | Learned a level 4 spell: Sticky Flame
  1604 | D:2      | Noticed Jessica
  1637 | D:2      | Killed from afar by Jessica

Skill      XL: |  1  2  3 |
---------------+----------+-----
Spellcasting   | 3 |  3.0
Dodging        | |  1.7
Stealth        | |  1.7
Conjurations   | |  1.9
Fire Magic     | |  3.8

Action                   |  1- 3 |  4- 6 || total
-------------------------+-------+-------++-------
Melee: Dagger            |    99 |    11 ||   110
       Unarmed           |     7 |       ||     7
       Tailslap          |     5 |       ||     5
 Cast: Flame Tongue      |    53 |     4 ||    57
  Use: Scroll            |     3 |       ||     3
  Eat: Chunk             |     2 |     1 ||     3
Armor: Skin              |    31 |       ||    31
Dodge: Dodged            |    90 |    13 ||   103
